 Dungeon Crawl Stone Soup version 0.31.0-1-g2c135a0 (webtiles) character file.

Game seed: 10246097174111068307

15 Moeireigaen the Changeling (level 2, -2/6 HPs)
             Began as an Octopode Shapeshifter on Feb 2, 2024.
             Slain by a jackal (3 damage)
             ... on level 1 of the Dungeon.
             The game lasted 00:03:12 (654 turns).

Moeireigaen the Changeling (Octopode Shapeshifter)   Turns: 654, Time: 00:03:12

Health: -2/6       AC:  1    Str: 13    XL:     2   Next: 50%
Magic:  2/2        EV: 13    Int: 12    God:
Gold:   18         SH:  0    Dex: 11    Spells: 1/1 levels left

rFire   . .          .
                       - Unarmed
rCold   . . .        (shield currently unavailable)
rNeg    . . .        (helmet restricted)
rPois   .            (no amulet)
rElec   .            (no ring)
rCorr   .            (no ring)
SInv    .            (no ring)
Will    .....        (no ring)
Stlth   ++           (no ring)
HPRegen 0.21/turn    (no ring)
MPRegen 0.08/turn    (no ring)
                     (no ring)

%: no passive effects
@: blade tentacles
A: reduced hp, almost no armour, amphibious, 8 rings, camouflage 1, gelatinous
body 1, (nimble swimmer 1), tentacles
a: Begin Untransformation


You were on level 1 of the Dungeon.
You had blades for main tentacles.
You visited 1 branch of the dungeon, and saw 1 of its levels.

You collected 18 gold pieces.

Inventory:

Talismans
 b - a beast talisman
 c - a flux talisman
 i - a blade talisman (active)
Scrolls
 e - a scroll of butterflies {unknown}
 f - a scroll of fear {unknown}
 k - a scroll of identify {unknown}
Potions
 a - a potion of lignification
 d - 2 potions of haste {unknown}
 g - a potion of curing {unknown}
 h - a potion of enlightenment {unknown}
 j - a potion of attraction {unknown}
 l - a potion of cancellation {unknown}


   Skills:
 * Level 1.0 Fighting
 - Level 2.0 Dodging
 - Level 3.3 Unarmed Combat
 * Level 3.4 Shapeshifting


You had one spell level left.
You didn't know any spells.
Your spell library contained the following spells:

 Spells                   Type           Power      Damage    Failure   Level
 Hailstorm                Conj/Ice       0%         3d5       69%         3
 Mephitic Cloud           Conj/Alch/Air  0%         N/A       69%         3
 Yara's Violent Unravell  Hex/Alch       0%         3d3       100%        5
 Bombard                  Conj/Erth      0%         9d1       100%        6


Dungeon Overview and Level Annotations

Branches:
Dungeon (1/15)

Altars:


Innate Abilities, Weirdness & Mutations

You have blades for main tentacles.
Your maximum health is decreased, since you lack skill for your form.
You are incapable of wielding weapons or throwing items.
You cannot wear most types of armour.
You are amphibious.
You can wear up to eight rings at the same time.
Your skin changes colour to match your surroundings (Stealth+).
Your rubbery body absorbs attacks. (AC +1, EV +1)
((You are camouflaged when in or above water. (Stealth+)))
You have tentacles for arms and can constrict up to eight enemies at once.


Message History

The ball python is severely wounded.
The ball python barely misses you. The ball python closely misses you.
You hit the ball python.
You kill the ball python!
Found a helmet.
A goblin comes into view. It is wielding a +0 dagger.
The goblin shouts!
You see here the Elucidation of the Cucurbite and Battling.
You pick up the Elucidation of the Cucurbite and Battling and begin reading...
It was the Elucidation of the Cucurbite and Battling.
You add the spells Hailstorm, Mephitic Cloud, Yara's Violent Unravelling and Bombard to your library.
You slash the goblin!
You kill the goblin!
You now have 18 gold pieces (gained 11).
l - a puce potion You see here a +0 helmet.
A rat comes into view.
The helpless rat fails to defend itself.
You slash the rat!
You kill the rat!
A jackal comes into view.
Found a stone staircase leading down.
A jackal comes into view.
Found 7 gold pieces.
The jackal barely misses you. The jackal misses you.
You completely miss the jackal. You grab the jackal. You constrict the jackal.
The jackal bites you.
You release your grip on the jackal.
The jackal attacks as it pursues you! The jackal closely misses you.
The jackal bites you.
You hit the jackal. You grab the jackal. You slash the jackal.
You kill the jackal!
You miss the jackal. Your grab misses the jackal. The jackal bites you.
Ouch! That really hurt!
* * * LOW HITPOINT WARNING * * *
You hit the jackal. Your grab misses the jackal.
The jackal is heavily wounded.
The jackal bites you.
Ouch! That really hurt!
You die...

###### #..... ##########
#...$. #.........
#.....##########.........
#....>.h@......#.........
#......#######.#.........
#........................
#####.##.....###.........
#. #.....#.....###### #.
#.....#.....# # #.
#######.....###### #.
#.........##
######.....###.##


You could see a jackal.

Vanquished Creatures
  3 ball pythons (D:1)
  A bat (D:1)
  2 goblins (D:1)
  A hobgoblin (D:1)
  A jackal (D:1)
  A quokka (D:1)
  2 kobolds (D:1)
  3 rats (D:1)
14 creatures vanquished.

Notes
Turn   | Place    | Note
-------+----------+-------------------------------------------
     0 | D:1      | Moeireigaen the Octopode Shapeshifter began the quest for
                  | the Orb.
     0 | D:1      | Reached XP level 1. HP: 13/13 MP: 1/1
   361 | D:1      | Reached XP level 2. HP: 18/18 MP: 2/2
   591 | D:1      | Got the Elucidation of the Cucurbite and Battling
   654 | D:1      | Slain by a jackal

Illustrated notes

Levels and vault maps discovered:
D:1:      evilmike_arrival_hilbert_curve, layout_basic

Action                     || total
---------------------------++-------
  Melee: Unarmed           ||    27
         Constrict         ||     4
         Tentacles         ||     2
         Punch             ||     1
   Stab: Sleeping          ||     4
 Armour: Skin              ||    12
  Dodge: Dodged            ||    15
   Form: Blade             ||     1
